 Dungeon Crawl Stone Soup version 0.31-a0-229-g1fc7ce93e2 (webtiles) character file.

Game seed: 18175005896343423423

60 qw the Shooter (level 4, -3/26 HPs)
             Began as a Gargoyle Hexslinger on July 6, 2023.
             Slain by Sigmund
             ... wielding a +1 scythe of flaming
              (6 damage)
             ... on level 2 of the Dungeon.
             The game lasted 00:00:30 (638 turns).

qw the Shooter (Gargoyle Hexslinger)                 Turns: 638, Time: 00:00:31

Health: -3/26      AC:  9    Str: 12    XL:     4   Next: 6%
Magic:  5/5        EV: 11    Int: 13    God:
Gold:   47         SH:  0    Dex: 14    Spells: 4/5 levels left

rFire   . . .        Y - +1 sling
rCold   . . .        (no shield)
rNeg    + . .        d - +0 leather armour
rPois   inf          (no helmet)
rElec   +            (no cloak)
rCorr   .            (no gloves)
SInv    .            f - +2 pair of boots
Will    .....        (no amulet)
Stlth   +            (no ring)
HPRegen 0.24/turn    (no ring)
MPRegen 0.09/turn

%: no passive effects
@: no status effects
A: sickness immunity, AC +3, negative energy resistance 1, electricity
resistance, torment resistance 1, petrification resistance
a: no special abilities


You were on level 2 of the Dungeon.
You visited 1 branch of the dungeon, and saw 2 of its levels.

You collected 47 gold pieces.


Innate Abilities, Weirdness & Mutations

You are immune to sickness and miasma.
Your stone body is resilient. (AC +3)
You are immune to poison.
You resist negative energy. (rN+)
You are resistant to electric shocks. (rElec)
You are resistant to unholy torment.
You are immune to petrification.


   Skills:
 - Level 2.0 Fighting
 + Level 3.9 Ranged Weapons
 - Level 1.5 Dodging
 - Level 1.0 Spellcasting
 - Level 2.6 Hexes


You had 4 spell levels left.
You knew the following spells:

 Your Spells              Type           Power      Damage    Failure   Level
a - Slow                  Hex            28%        N/A       12%         1

Your spell library contained the following spells:

 Spells                   Type           Power      Damage    Failure   Level
 Inner Flame              Hex/Fire       4%         N/A       52%         3
 Portal Projectile        Hex/Tloc       8%         N/A       52%         3
 Cause Fear               Hex            3%         N/A       75%         4

Inventory:

Hand Weapons
 Y - a +1 sling (weapon)
Armour
 d - a +0 leather armour (worn)
 f - a +2 pair of boots (worn)
Potions
 e - a potion of heal wounds {unknown}
 g - a potion of curing {unknown}
 i - a potion of ambrosia {unknown}

Dungeon Overview and Level Annotations

Branches:
Dungeon (2/15)

Altars:

Annotations:
D:2 Sigmund


Message History

Sigmund shouts!
Sigmund is lightly wounded.
You hear a shout!
Sigmund points at you and mumbles some strange words.
The puff of flame misses you.
You shoot a sling bullet.
The sling bullet closely misses Sigmund.
You shoot a sling bullet. The sling bullet hits Sigmund.
Sigmund is lightly wounded.
Sigmund casts a spell at you. You resist with some effort.
You shoot a sling bullet. The sling bullet barely misses Sigmund.
Sigmund casts a spell.
Sigmund flickers and vanishes!
Deactivating autopickup; reactivate with Ctrl-A.
You shoot a sling bullet.
A kobold comes into view. It is wielding a +0 short sword.
You shoot a sling bullet. The sling bullet hits the kobold.
The kobold is heavily wounded.
Something hits you but does no damage.
You shoot a sling bullet. The sling bullet hits the kobold!
You kill the kobold!
You hear some strange, mumbled words.
A puff of flame appears from out of thin air!
The puff of flame misses you.
You shoot a sling bullet. Something hits you. Something burns you.
You shoot a sling bullet. Something hits you but does no damage.
You shoot a sling bullet. Something hits you! Something burns you.
You shoot a sling bullet. You shoot a sling bullet. Something hits you.
Something burns you.
You shoot a sling bullet.
You hear some strange, mumbled words.
Something tries to affect you, but you resist.
You shoot a sling bullet. Something hits you.
You die...

... ... #....
... ... #.... ..
.... #...#
....... #...#
.#... #...#
.{.##..
#...#####)......
#...#...@.......
#.....######....
#...### .
#####...########
....#...........
................
....#...#######.
....#...# ..
........#####.#


There were no monsters in sight!

Vanquished Creatures
  An adder (D:1)
  A gnoll (D:1)
  4 ball pythons
  4 endoplasms (D:1)
  2 giant cockroaches (D:1)
  2 goblins (D:1)
  A hobgoblin (D:1)
  7 jackals (D:1)
  6 kobolds
  2 quokkas (D:1)
  2 bats (D:1)
  2 frilled lizards (D:1)
  5 rats
39 creatures vanquished.

Notes
Turn   | Place    | Note
-------+----------+-------------------------------------------
     0 | D:1      | qw the Gargoyle Hexslinger began the quest for the Orb.
     0 | D:1      | Reached XP level 1. HP: 12/12 MP: 2/2
     0 | D:1      | 0 ||| qw: Version: 0.3-a-46-gb1f654a
     0 | D:1      | 0 ||| qw: Game counter: 1302
     0 | D:1      | 0 ||| qw: Melee chars always use a shield: true
     0 | D:1      | 0 ||| qw: God list: Okawaru
     0 | D:1      | 0 ||| qw: Allow faded altars: false
     0 | D:1      | 0 ||| qw: Do Orc after clearing Dungeon:15 true
     0 | D:1      | 0 ||| qw: Do second Lair branch before Depths: true
     0 | D:1      | 0 ||| qw: Lair rune preference: random
     0 | D:1      | 0 ||| qw: Goals: Normal
     0 | D:1      | 0 ||| PLANNING D:1-11
    41 | D:1      | Reached XP level 2. HP: 13/16 MP: 3/3
    44 | D:1      | HP: 4/16 [gnoll/+0 spear (4)]
    47 | D:1      | Reached skill level 3 in Ranged Weapons
    76 | D:1      | 76 ||| FLEEEEING.
   235 | D:1      | Reached XP level 3. HP: 21/21 MP: 4/4
   527 | D:1      | 527 ||| UPGRADING to +0 leather armour.
   537 | D:1      | 537 ||| DROPPING +0 robe.
   538 | D:1      | 538 ||| UPGRADING to +2 pair of boots.
   543 | D:1      | 543 ||| READING scroll labelled UCVAUCR OMISM.
   547 | D:1      | 547 ||| DROPPING scroll of poison.
   573 | D:2      | 573 ||| STAIRDANCE
   581 | D:1      | Reached XP level 4. HP: 23/26 MP: 5/5
   624 | D:2      | Noticed Sigmund
   636 | D:2      | HP: 4/26 [something (4)]
   638 | D:2      | Slain by Sigmund

Levels and vault maps discovered:
D:1:      dpeg_arrival_prison, layout_rooms
D:2:      layout_rooms, minmay_quantized, uniq_sigmund

Skill      XL: |  1  2  3 |
---------------+----------+-----
Ranged Weapons | 3 |  3.9
Fighting       | 2 |  2.0
Dodging        | |  1.5
Spellcasting   | |  1.0
Hexes          | |  2.6

Action                     |  1- 3 |  4- 6 || total
---------------------------+-------+-------++-------
   Fire: Sling             |   118 |    20 ||   138
    Use: Scroll            |     1 |       ||     1
 Armour: Robe              |    27 |       ||    27
         Leather armour    |     9 |     3 ||    12
  Dodge: Dodged            |    68 |     3 ||    71

Table legend:
 A = Non-vault XP
 B = Vault XP
 C = Vault XP percentage of total XP
 D = Non-vault monster count
 E = Vault monster count
 F = Vault count percentage of total count
                 A         B        C        D         E       F
            +---------+---------+-------+---------+---------+-------
      Total |      82 |       5 |   5.7 |      35 |       4 |  10.3
            +---------+---------+-------+---------+---------+-------
        D:1 |      78 |       4 |   4.9 |      32 |       3 |   8.6
        D:2 |       4 |       1 |  20.0 |       3 |       1 |  25.0
            +---------+---------+-------+---------+---------+-------
